[Event "13th All African Rapid-ch Women 2024"]
[Site "Accra"]
[Date "2024.03.10"]
[Round "5.9"]
[White "Gertrude Banini"]
[Black "Benson, Maud"]
[Result "0-1"]
[ECO "A40"]
[WhiteElo "1681"]
[BlackElo "1664"]
[Annotator "NA"]
[PlyCount "100"]
[EventDate "2024.03.07"]
[EventType "rapid"]
[EventCountry "GHA"]
[SourceTitle "playchess.com"]
[Source "ChessBase"]
[SourceQuality "1"]
[TimeControl "900+10"]

1. d4 b6 2. c4 Bb7 3. Nf3 e6 4. Bg5 Be7 5. Bxe7 Nxe7 6. e3 O-O 7. Be2 d5 8. cxd5 exd5 9. O-O Ng6 10. Nc3 f5 11. Bd3 Nd7 12. Qb3 c6 13. Rac1 Kh8 14. Ne2 c5 15. dxc5 Nxc5 16. Qd1 Nxd3 17. Qxd3 f4 18. exf4 Nxf4 19. Nxf4 Rxf4 20. Qe3 Re4 21. Qg5 Qxg5 22. Nxg5 Re2 23. Rc7 Ba6 24. Rb1 d4 25. h3 d3 26. Rd7 h6 27. Nf3 Kg8 28. a4 Kf8 29. b4 Bc4 30. Rc1 Rc2 31. Re1 Re2 32. Rc1 Rc2 33. Re1 Re2 34. Rc1 b5 35. axb5 Bxb5 36. Rb7 Rc2 37. Re1 Bc6 38. Rc7 Bxf3 39. Rxc2 dxc2 40. gxf3 Rc8 41. Rc1 Ke7 42. Kg2 Kd6 43. Kg3 Kd5 44. Kg4 g6 45. f4 Kd4 46. f5 gxf5+ 47. Kxf5 Kd3 48. Kg6 Kd2 49. Rh1 c1=Q 50. Rxc1 Rxc1 0-1

[Event "13th All African Rapid-ch Women 2024"]
[Site "Accra"]
[Date "2024.03.10"]
[Round "6.1"]
[White "Wafa, Shahenda"]
[Black "Nassr, Lina"]
[Result "1/2-1/2"]
[ECO "B40"]
[WhiteElo "2083"]
[BlackElo "2080"]
[Annotator "RC"]
[PlyCount "169"]
[EventDate "2024.03.07"]
[EventType "rapid"]
[EventCountry "GHA"]
[SourceTitle "playchess.com"]
[Source "ChessBase"]
[SourceQuality "1"]
[TimeControl "900+10"]

1. e4 c5 2. Nf3 e6 3. d4 cxd4 4. Nxd4 Nf6 5. Nc3 Bb4 6. e5 Nd5 7. Qg4 Kf8 8. Bd3 h5 9. Qe4 d6 10. Ndb5 dxe5 11. Bd2 f5 12. Qxe5 Nc6 13. Qe2 a6 14. Nxd5 Bxd2+ 15. Qxd2 Qxd5 16. Nc3 Qe5+ 17. Qe2 Qxe2+ 18. Bxe2 e5 19. Nd5 Nd4 20. Bd1 Be6 21. Nc7 Rc8 22. Nxe6+ Nxe6 23. c3 h4 24. Bc2 g6 25. O-O-O Ke7 26. Bb3 Nf4 27. g3 hxg3 28. fxg3 Nh3 29. Rd2 e4 30. Bd5 Rc7 31. c4 Ng5 32. h4 Nf3 33. Re2 Ne5 34. b3 b5 35. Rc2 Nd3+ 36. Kb1 Nb4 37. Rd2 Rd8 38. a3 Nxd5 39. cxd5 Rc3 40. Kb2 Rxg3 41. h5 gxh5 42. Rxh5 Kf6 43. d6 Ke5 44. Rh6 e3 45. Rc2 Rxd6 46. Rh4 f4 47. Rc5+ Ke4 48. Rc8 Rd2+ 49. Kc3 Kf3 50. Rf8 Rg4 51. Rh3+ Kg2 52. Rfh8 f3 53. Rh2+ Kg3 54. R8h3+ Kf4 55. Rxd2 exd2 56. Kxd2 Rg2+ 57. Kd3 Kg4 58. Rh8 Re2 59. a4 Re5 60. Rg8+ Kh3 61. axb5 axb5 62. Kd4 Re1 63. Kc5 f2 64. Rf8 Kg2 65. Kxb5 f1=Q+ 66. Rxf1 Kxf1 67. Kc5 Rc1+ 68. Kd5 Rb1 69. Kc4 Ke2 70. b4 Ke3 71. Kc5 Ke4 72. b5 Rc1+ 73. Kd6 Rd1+ 74. Kc6 Ke5 75. b6 Ke6 76. Kc7 Rc1+ 77. Kd8 Rd1+ 78. Kc7 Rc1+ 79. Kd8 Rb1 80. Kc7 Ke7 81. b7 Rc1+ 82. Kb6 Rb1+ 83. Kc7 Rc1+ 84. Kb6 Rb1+ 85. Kc7 1/2-1/2

[Event "13th All African Rapid-ch Women 2024"]
[Site "Accra"]
[Date "2024.03.10"]
[Round "6.2"]
[White "Junior, Ednasia"]
[Black "PEACE SAMSON"]
[Result "1-0"]
[ECO "A40"]
[WhiteElo "1915"]
[BlackElo "1870"]
[Annotator "RC"]
[PlyCount "105"]
[EventDate "2024.03.07"]
[EventType "rapid"]
[EventCountry "GHA"]
[SourceTitle "playchess.com"]
[Source "ChessBase"]
[SourceQuality "1"]
[TimeControl "900+10"]

1. e4 c5 2. Nf3 g6 3. c4 Bg7 4. d4 cxd4 5. Nxd4 Qb6 6. Nb3 d6 7. Be2 Nf6 8. Nc3 Nc6 9. O-O Be6 10. Be3 Qd8 11. f3 Rc8 12. Nd5 O-O 13. Qd2 a6 14. Rac1 Bxd5 15. cxd5 Ne5 16. Na5 b5 17. Qb4 Ne8 18. f4 Rxc1 19. Rxc1 Bh6 20. Rc3 Nc4 21. Bxc4 bxc4 22. Nc6 Qd7 23. Rxc4 Qg4 24. Nxe7+ Kh8 25. Qd2 Qh4 26. Nc6 Bg7 27. b3 Nf6 28. h3 Nh5 29. e5 Bh6 30. exd6 Ng3 31. d7 Nf5 32. d8=Q Rxd8 33. Nxd8 Qxd8 34. Re4 Nxe3 35. Qxe3 Qxd5 36. Re8+ Kg7 37. Qc3+ f6 38. Qc7+ Qf7 39. Re7 Qxe7 40. Qxe7+ Kg8 41. Qxf6 Bg7 42. Qxa6 Bd4+ 43. Kf1 Bf6 44. b4 Kf7 45. b5 Be7 46. Qc6 Bd8 47. Qd7+ Be7 48. b6 Kf6 49. b7 Bb4 50. Qd4+ Kf5 51. Qxb4 h5 52. b8=Q h4 53. Qe5# 1-0

[Event "13th All African Rapid-ch Women 2024"]
[Site "Accra"]
[Date "2024.03.10"]
[Round "6.3"]
[White "Mongeli, Sasha"]
[Black "Nakabo, Peninah"]
[Result "1-0"]
[ECO "A05"]
[WhiteElo "1858"]
[BlackElo "1836"]
[Annotator "NA RC"]
[PlyCount "103"]
[EventDate "2024.03.07"]
[EventType "rapid"]
[EventCountry "GHA"]
[SourceTitle "playchess.com"]
[Source "ChessBase"]
[SourceQuality "1"]
[TimeControl "900+10"]

1. Nf3 d5 2. b3 Nf6 3. Bb2 g6 4. g3 Bg7 5. Bg2 O-O 6. O-O c5 7. c4 {[%emt 0:00:17] A05: Réti Opening: 1 Nf3 Nf6.} e6 8. cxd5 exd5 9. d4 cxd4 10. Bxd4 Nc6 11. Nc3 Nxd4 12. Nxd4 Bd7 13. Rc1 Bc6 14. Nxc6 bxc6 15. Na4 Rc8 16. Qd3 Rc7 17. Rc2 Qd6 18. Rfc1 Rfc8 19. e3 Kf8 20. Nc5 Nd7 21. Na6 Ne5 22. Qe2 Re7 23. Nc5 f5 24. Nd3 Nxd3 25. Qxd3 Rd7 26. Qa6 Rdc7 27. Qa5 c5 28. b4 c4 29. Bxd5 c3 30. Bf3 Qe7 31. a3 Rd7 32. Kg2 Rcd8 33. Qc5 Qxc5 34. bxc5 Rd2 35. c6 Rxc2 36. Rxc2 Rc8 37. Kf1 Ke7 38. Ke2 Kd6 39. Kd3 Kc5 40. Rc1 Rd8+ 41. Kc2 Rb8 42. Rb1 Rd8 43. Rd1 Rb8 44. Rb1 Rd8 45. Rb7 Rd2+ 46. Kc1 Rxf2 47. c7 Rf1+ 48. Bd1 Bh6 49. c8=Q+ Kd6 50. Rd7+ Ke5 51. Qe8+ Kf6 52. Qe7# 1-0

[Event "13th All African Rapid-ch Women 2024"]
[Site "Accra"]
[Date "2024.03.10"]
[Round "6.4"]
[White "Yavo Tchetche, Marie"]
[Black "Marochkina, Nadezhda Valerevna"]
[Result "0-1"]
[ECO "D11"]
[WhiteElo "1659"]
[BlackElo "1819"]
[Annotator "NA RC"]
[PlyCount "91"]
[EventDate "2024.03.07"]
[EventType "rapid"]
[EventCountry "GHA"]
[SourceTitle "playchess.com"]
[Source "ChessBase"]
[SourceQuality "1"]
[TimeControl "900+10"]

1. d4 d5 2. Nf3 c6 3. g3 Bf5 4. Bg2 h6 5. Nbd2 Nf6 6. O-O e6 7. c4 Nbd7 8. a3 a5 9. b3 Be7 10. Re1 O-O 11. Nh4 Bh7 12. Bb2 Rb8 13. Nhf3 Ne4 14. Ne5 Ndf6 15. f3 Nd6 16. e4 Nde8 17. Rc1 Nd7 18. Nxd7 Qxd7 19. Qe2 Nc7 20. exd5 cxd5 21. f4 Bf6 22. Nf3 Rfd8 23. Ne5 Qe8 24. c5 Nb5 25. a4 Na7 26. Qd2 Bxe5 27. fxe5 Nc6 28. Bc3 Ra8 29. Bf1 Qd7 30. Bb5 Qc7 31. Rf1 Ne7 32. Rf2 Bg6 33. Rcf1 Rf8 34. Bd3 b6 35. cxb6 Qxb6 36. Bb5 Nc8 37. b4 axb4 38. Bxb4 Rd8 39. Bc5 Qb7 40. Ra1 Na7 41. Bxa7 Rxa7 42. Rff1 Rb8 43. Rfc1 Qe7 44. Qc3 Rba8 45. Qc5 Qg5 46. Bc6 0-1

[Event "13th All African Rapid-ch Women 2024"]
[Site "Accra"]
[Date "2024.03.10"]
[Round "6.5"]
[White "Mbatha, Constance"]
[Black "Shaba, Linda Dalitso"]
[Result "0-1"]
[ECO "C01"]
[WhiteElo "1799"]
[BlackElo "1836"]
[Annotator "NA RC"]
[PlyCount "154"]
[EventDate "2024.03.07"]
[EventType "rapid"]
[EventCountry "GHA"]
[SourceTitle "playchess.com"]
[Source "ChessBase"]
[SourceQuality "1"]
[TimeControl "900+10"]

1. e4 e6 2. d4 d5 3. exd5 exd5 4. Nf3 Nf6 5. Be2 Bf5 6. Bg5 {[%emt 0:00:08] C01: French: Exchange Variation.} Bd6 7. h3 O-O 8. O-O Nbd7 9. Nbd2 c6 10. Re1 Qc7 11. Nf1 Rfe8 12. c4 dxc4 13. Bxc4 h6 14. Bxf6 Nxf6 15. Qb3 Be4 16. N3d2 Bd5 17. Ne3 Bxc4 18. Ndxc4 Bf4 19. Nf1 Nd5 20. Nce3 Bxe3 21. fxe3 Nf6 22. Rac1 Qd7 23. Re2 Re7 24. Rce1 Rae8 25. Qa3 a6 26. b4 Qd5 27. Qb2 Qb5 28. a3 Ne4 29. Qc2 Qg5 30. Qd3 Qg6 31. Qb3 Ng5 32. Kh1 Qd6 33. a4 Re4 34. Nh2 h5 35. b5 cxb5 36. axb5 axb5 37. Qxb5 Qe7 38. Nf3 Nxf3 39. gxf3 Rh4 40. Kg2 Qe6 41. Rh1 Rxd4 42. Qxb7 h4 43. Kf2 Rd3 44. Qa7 Qe5 45. Rg1 Qh2+ 46. Rg2 Qxh3 47. Qc5 Re6 48. Qc8+ Kh7 49. Qc2 Qf5 50. Qc4 Rh6 51. Rh2 h3 52. Qc2 g6 53. Qa2 Rd6 54. Qb2 Rf6 55. f4 Qe6 56. Ke1 Rf5 57. Qd4 Rd5 58. Qa4 Qd6 59. Qa2 Rd1+ 60. Kf2 Qf6 61. Rd2 Qh4+ 62. Ke2 Qg4+ 63. Kd3 Qd7+ 64. Ke2 Rxd2+ 65. Qxd2 Qxd2+ 66. Kxd2 Kg7 67. Ke2 Kf6 68. Kf3 g5 69. e4 $2 (69. Kg3 $11 {and White stays safe.}) 69... Rh4 70. fxg5+ $19 Kxg5 71. Ke3 Kg4 72. Rh1 h2 73. Kf2 Kh3 74. Kf3 f6 75. Re1 Rg4 76. Re3 h1=Q+ 77. Ke2+ Rg3 0-1

[Event "13th All African Rapid-ch Women 2024"]
[Site "Accra"]
[Date "2024.03.10"]
[Round "6.6"]
[White "Benson, Maud"]
[Black "Banda Natalie Katlo"]
[Result "0-1"]
[ECO "D11"]
[WhiteElo "1664"]
[BlackElo "1772"]
[Annotator "NA RC"]
[PlyCount "90"]
[EventDate "2024.03.07"]
[EventType "rapid"]
[EventCountry "GHA"]
[SourceTitle "playchess.com"]
[Source "ChessBase"]
[SourceQuality "1"]
[TimeControl "900+10"]

1. d4 d5 2. c4 c6 3. Nf3 Nf6 4. g3 Bg4 5. Bg2 e6 6. b3 Nbd7 7. Nc3 Bb4 8. Bb2 Qa5 9. Qc2 Bf5 10. Qc1 Ne4 11. a3 Bxc3+ 12. Bxc3 Qxc3+ 13. Qxc3 Nxc3 14. Rc1 Ne4 15. O-O O-O 16. Nh4 Bg6 17. cxd5 exd5 18. Nxg6 hxg6 19. Bxe4 dxe4 20. e3 Rfc8 21. Rc3 Nb6 22. Rfc1 Nd5 23. R3c2 Kf8 24. b4 Ke7 25. b5 Kd7 26. bxc6+ Rxc6 27. Rc5 Kd6 28. Kf1 Rac8 29. Ke1 Rxc5 30. dxc5+ Rxc5 31. Rb1 b6 32. Kd2 Rc3 33. Rb5 Rxa3 34. Rb2 a5 35. Rc2 Nb4 36. Rc8 Ra2+ 37. Ke1 Nd3+ 38. Kf1 Rxf2+ 39. Kg1 a4 40. Ra8 b5 41. Ra7 Kc5 42. Rc7+ Kb4 43. Rd7 a3 44. Rd4+ Kc3 45. Rxe4 a2 0-1

[Event "13th All African Rapid-ch Women 2024"]
[Site "Accra"]
[Date "2024.03.10"]
[Round "6.7"]
[White "Laubscher, Anzel"]
[Black "Vilhete, Vania Fausto Da T."]
[Result "1/2-1/2"]
[ECO "A05"]
[WhiteElo "1820"]
[BlackElo "1829"]
[Annotator "NA RC"]
[PlyCount "122"]
[EventDate "2024.03.07"]
[EventType "rapid"]
[EventCountry "GHA"]
[SourceTitle "playchess.com"]
[Source "ChessBase"]
[SourceQuality "1"]
[TimeControl "900+10"]

1. e4 c5 2. Nf3 d6 3. g3 g6 4. Bg2 Bg7 5. O-O Nf6 6. Re1 Nc6 7. c3 O-O 8. d3 Qc7 9. Nbd2 Nd7 {[%emt 0:00:52] A05: Übergänge in verschiedene Eröffnungen.} 10. Nc4 b5 11. Ne3 e6 12. h4 Bb7 13. Ng4 Nde5 14. Nfxe5 Nxe5 15. Nxe5 dxe5 16. h5 Rad8 17. Qe2 Qd7 18. Bg5 f6 19. Be3 Rc8 20. hxg6 hxg6 21. Qg4 Kf7 22. Rad1 f5 23. Qe2 Bf6 24. exf5 exf5 25. f4 exf4 26. gxf4 Bxg2 27. Qxg2 Qc6 28. Qxc6 Rxc6 29. d4 cxd4 30. Bxd4 a6 31. Bxf6 Kxf6 32. Rd4 g5 33. fxg5+ Kxg5 34. Re5 Rcf6 35. Kf2 Rh6 36. Ke3 Rh2 37. Rd2 Rxd2 38. Kxd2 Kg4 39. Re6 f4 40. Rxa6 Kf3 41. Rd6 Kf2 42. a4 bxa4 43. Ra6 Rb8 44. Rxa4 f3 45. Kc2 Kf1 46. Re4 f2 47. Re7 Rg8 48. Rf7 Kg2 49. b4 f1=Q 50. Rxf1 Kxf1 51. c4 Ke2 52. Kc3 Rb8 53. c5 Ke3 54. Kc4 Ke4 55. b5 Ke5 56. b6 Ke6 57. Kb5 Kd7 58. c6+ Kc8 59. Kc5 Rxb6 60. Kxb6 Kb8 61. c7+ Kc8 $11 1/2-1/2

[Event "13th All African Rapid-ch Women 2024"]
[Site "Accra"]
[Date "2024.03.10"]
[Round "6.8"]
[White "Ayiku, Angela Naa Amerley"]
[Black "Tsinjoviniavo, Aina Mahasambatra"]
[Result "0-1"]
[ECO "C79"]
[WhiteElo "1629"]
[BlackElo "1681"]
[Annotator "NA RC"]
[PlyCount "90"]
[EventDate "2024.03.07"]
[EventType "rapid"]
[EventCountry "GHA"]
[SourceTitle "playchess.com"]
[Source "ChessBase"]
[SourceQuality "1"]
[TimeControl "900+10"]

1. e4 e5 2. Nf3 Nc6 3. Bb5 a6 4. Ba4 Nf6 5. Nc3 d6 6. O-O Be7 7. h3 O-O 8. d3 Be6 9. Bxc6 bxc6 10. Be3 Rb8 11. b3 Nd7 12. Qd2 d5 13. Rfe1 d4 14. Bxd4 exd4 15. Nxd4 Ne5 16. Qe3 Bd7 17. f4 Ng6 18. Nf3 Bd6 19. f5 Ne5 20. Rf1 Nxf3+ 21. Rxf3 Qf6 22. d4 Bb4 23. e5 Qd8 24. Rg3 Bxf5 25. Qh6 Qxd4+ 26. Kh2 Bg6 27. Ne2 Qxa1 28. Qg5 Rb5 29. Qg4 Qxe5 30. Nf4 Bd2 31. Nd3 Qd6 32. h4 Bc3 33. Qc4 Be5 34. Nxe5 Qxe5 35. Qxc6 Rc5 36. Qxa6 Rc3 37. Qe2 Qxe2 38. Rxc3 Qe5+ 39. Rg3 Bxc2 40. h5 Qxh5+ 41. Kg1 Re8 42. Rf3 Qc5+ 43. Kf1 Qb5+ 44. Kf2 Re2+ 45. Kg3 Qg5+ 0-1